Description

Mass ling-bane

  • Should have 54x Drones + 7x Hatcheries + 5x Bases + 2x Macro Hatcheries

Set Timing Attack

  • 1-1 upgrades + Bane speed finished
  • Finished droning
  • Produced at least 3 rounds of just ling-bane in a row

VOD

https://www.youtube.com/watch?v=A9m2VsBPPvQ

Build Order

Get SALT Encoding   

  12  0:01  Drone  
  13  0:13  Overlord  Send this Overlord to watch Natural entrance
  13  0:17  Drone  Scout > then queue back to main base minerals
  14  0:31  Drone x3  
  17  0:51  Hatchery  
  17  0:55  Drone x2  
  18  1:10  Extractor  
  17  1:12  Spawning Pool  
  17  1:16  Drone x2  
  18  1:29  Drone  
  19  1:39  Overlord  Scout to middle of map
  20  2:00  Queen x2  Queen right as Spawning Pool completes, Queen right as 2nd Hatch completes
  24  2:01  Zergling  4x lings (2x Larvae)
  26  2:13  Metabolic Boost  Ling speed (once at 100 gas)
  32  2:48  Hatchery  3rd Hatchery (2x Injects before 3rd base)
  32  3:00  Queen, Overlord  3rd Queen (from 2nd Hatch)
  42  3:54  Extractor  2nd gas
  41  3:55  Baneling Nest  Can build this in main with 2x evos
  50  4:29  Zergling  Build one round of safety lings
  62  4:49  Lair  
  62  4:51  Evolution Chamber  
  61  4:53  Evolution Chamber  
  76  5:17  Hatchery  2x Macro Hatcheries + double expand
  75  5:27  Hatchery  
  76  5:50  Zergling  After 54x Drones, mass ling-bane
  85  5:56  Zerg Ground Armor Level 1, Zerg Melee Weapons Level 1  
  85  5:58  Centrifugal Hooks  Bane speed
  122  7:30  Baneling  Use up all resources to morph banes
Spawning Tool Build Advisor. Get it on Overwolf

Go to:

Details

  • Created by: nullvalue
  • Published on: Jan 15, 2024
  • Modified on: Jan 15, 2024
  • Patch: 5.0.11
  • Difficulty: Easy
Show
View Real Time Build Order
Export as new Build Order

Comments (0)

There are no comments. Be the first!

Create an account to comment!